 Dungeon Crawl Stone Soup version 0.21.1-1-g345015f (webtiles) character file.

50289 ItsShiny the Spry (level 14, -29/130 HPs)
             Began as a Minotaur Berserker on Feb 23, 2018.
             Was a High Priest of Trog.
             Annihilated by a titanic slime creature (62 damage)
             ... on level 15 of the Dungeon on Feb 24, 2018.
             The game lasted 03:20:27 (15335 turns).

ItsShiny the Spry (Minotaur Berserker)             Turns: 15335, Time: 03:20:28

Health: -29/130    AC: 29    Str: 25    XL:     14   Next: 19%
Magic:  6/13       EV: 16    Int:  4    God:    Trog [*****.]
Gold:   863        SH:  0    Dex: 14    Spells: 13/13 levels left

rFire    . . .     SeeInvis .   F - +3 great mace (protect)
rCold    . . .     Gourm    .   (shield currently unavailable)
rNeg     + . .     Faith    .   r - +1 plate armour
rPois    .         Spirit   .   (helmet restricted)
rElec    .         Reflect  .   W - scarf {cloud immunity}
rCorr    .         Harm     .   X - +0 pair of gloves
MR       ++++.                  a - +2 pair of boots of the Assassin {Detection Stab+ Stlth++}
Stlth    ..........             z - macabre finger necklace {rN+}
HPRegen  1.31/turn              y - +2 ring of strength
MPRegen  0.13/turn              N - ring of protection from magic
                                (no ring)

@: about to teleport, protection aura, berserk cooldown, regenerating
A: retaliatory headbutt, horns 2
a: Berserk, Trog's Hand, Brothers in Arms, Burn Spellbooks, Renounce Religion


You were on level 15 of the Dungeon.
You worshipped Trog.
Trog was extremely pleased with you.
You were very hungry.

You visited 1 branch of the dungeon, and saw 15 of its levels.

You collected 1064 gold pieces.
You spent 201 gold pieces at shops.

Inventory:

Hand Weapons
 p - a +1 great mace of protection
 v - a +3 antimagic great mace
 F - a +3 great mace of protection (weapon)
 Y - a +3 longbow of flaming
Missiles
 d - 456 stones (quivered)
Armour
 a - the +2 pair of boots of the Assassin (worn) {Detection Stab+ Stlth++}
   (You found it on level 4 of the Dungeon)

   It makes you much more stealthy.
 r - a +1 plate armour (worn)
 W - a scarf of cloud immunity (worn)
 X - a +0 pair of gloves (worn)
Jewellery
 b - an uncursed ring of resist corrosion {unknown}
 n - an uncursed amulet of guardian spirit
 q - an uncursed ring of see invisible
 s - an uncursed ring of protection from cold
 y - a +2 ring of strength (left hand)
 z - the macabre finger necklace (around neck) {rN+}
   (You took it off a centaur warrior on level 9 of the Dungeon)

   [amulet of nothing]

   It protects you from negative energy.
 N - a ring of protection from magic (right hand)
 R - an uncursed ring of protection from cold
Wands
 j - a wand of polymorph (35)
 B - a wand of random effects (33)
 K - a wand of digging (25)
Scrolls
 g - 2 scrolls of identify
 h - a scroll of vulnerability {unknown}
 k - 6 scrolls of teleportation
 l - a scroll of amnesia
 m - 2 scrolls of magic mapping
 o - 4 scrolls of fear
 G - a scroll of random uselessness
 I - 4 scrolls of remove curse
 P - a scroll of summoning {unknown}
 S - 2 scrolls of blinking
 T - a scroll of fog
 V - 2 scrolls of enchant weapon
 Z - 2 scrolls of enchant armour
Potions
 e - 2 potions of resistance
 f - 5 potions of mutation
 i - 2 potions of heal wounds
 t - a potion of curing
 u - 4 potions of flight
 w - 3 potions of haste
 x - 2 potions of ambrosia
 D - a potion of degeneration {unknown}
 E - 3 potions of magic
 H - 2 potions of invisibility
 L - 2 potions of brilliance {unknown}
 U - a potion of cancellation
Miscellaneous
 J - a phantom mirror
Comestibles
 c - 18 rations
 A - 2 chunks of flesh


   Skills:
 + Level 13.8 Fighting
 * Level 15.9 Maces & Flails
 + Level 13.5 Armour
 * Level 17.0 Dodging


You had 13 spell levels left.
You didn't know any spells.

Dungeon Overview and Level Annotations

Branches:
Dungeon (15/15)            Temple (0/1) D:6            Lair (0/6) D:8
    Orc (0/2) D:9          Vaults (0/5) D:14         Depths (0/5) D:15

Altars:
Gozag
Kikubaaqudgha
Okawaru
Ru
Sif Muna
Trog
Wu Jian
Yredelemnul
The Shining One

Shops:
D:8 ?

Annotations:
D:3 exclusion: howler monkey
D:13 exclusion: harpy


Innate Abilities, Weirdness & Mutations

You reflexively headbutt those who attack you in melee.
You have a pair of horns on your head.


Message History

You bludgeon the titanic slime creature!!
You headbutt the titanic slime creature.
The titanic slime creature is lightly wounded.
You feel yourself speed up. The titanic slime creature misses you.
You completely miss the titanic slime creature.
You headbutt the titanic slime creature, but do no damage.
The titanic slime creature is lightly wounded.
You are feeling very hungry.
The titanic slime creature barely misses you.
You furiously retaliate!
You headbutt the titanic slime creature.
You bludgeon the titanic slime creature!!
You headbutt the titanic slime creature.
The titanic slime creature is lightly wounded.
The titanic slime creature hits you!!
* * * LOW HITPOINT WARNING * * *
As you read the scroll of teleportation, it crumbles to dust.
You feel strangely unstable. The titanic slime creature hits you!!!
You die...

*,,,,,,,,,********
#.#********>***
#.# **,,,,,** *
#.# *{,,,,,,* *
#.# **,,,,,****
#.# ####**,,,** *,
#.###..##**,*****,
#.##....###,,,,**,
#@JJ......#**,,*,,
####....#..#*,**,,
##..##*...,,*,,
#### *,J#,**,,
***#**,,, *,,,,,,*
*,***,,*
***,,,,,,,
*,,,******


You could see a titanic slime creature and a slime creature.

Vanquished Creatures
  Rupert (D:14)
  4 slime creatures
  Snorg (D:14)
  The ghost of Scuka the Fighter, a journeyman TrMo of Trog (D:12)
  A yaktaur captain (D:9)
  10 centaur warriors
  Erolcha (D:11)
  A catoblepas (D:9)
  6 two-headed ogres
  A tengu warrior (D:14)
  A wizard (D:14)
  An unseen horror (D:10)
  A harpy (shapeshifter) (D:13)
  Pikel (D:4)
  2 cyclopes
  An orc knight (D:14)
  A deep elf mage (D:14)
  12 ugly things
  A wolf spider zombie (D:15)
  A manticore (D:12)
  4 centaur zombies
  A guardian serpent (shapeshifter) (D:15)
  A gargoyle (D:10)
  2 efreet
  A freezing wraith (D:14)
  A komodo dragon (D:11)
  A kobold demonologist (D:11)
  A redback zombie (D:13)
  A yaktaur (D:14)
  4 trolls
  2 meliai zombies
  Sigmund (D:4)
  3 vampires
  2 shadows
  2 wyverns (D:8)
  22 yaks
  2 water elementals (D:13)
  2 basilisks
  3 hungry ghosts
  The ghost of kalagan the Vandal, an amateur HaHu (D:5)
  An acid dragon (D:11)
  8 swamp worms (D:12)
  2 water moccasins (D:10)
  A soldier ant (D:12)
  6 ice beasts
  7 orc warriors
  4 slaves (D:4)
  6 sky beasts
  3 eyes of draining
  3 phantoms
  17 centaurs
  4 ogres
  A boggart (D:14)
  4 big kobolds
  Blork the orc (D:5)
  14 bullfrogs
  A water moccasin zombie (D:10)
  3 scorpions
  19 wights
  18 killer bees
  4 electric eels (D:13)
  4 howler monkeys
  9 crimson imps
  4 bullfrog zombies
  4 orc priests
  6 hounds
  3 bullfrog skeletons
  4 centaur skeletons
  5 jellies
  17 orc wizards
  Ijyb (D:4)
  4 iguanas
  A killer bee zombie (D:6)
  19 worker ants
  5 hound skeletons
  2 worker ant zombies
  12 adders
  11 gnolls
  6 shadow imps
  2 oozes
  An adder skeleton (D:8)
  3 adder zombies
  10 worms
  14 dart slugs
  2 leopard geckos
  54 orcs
  2 ball pythons
  4 giant cockroaches
  7 goblins
  6 hobgoblins
  13 jackals
  11 kobolds
  3 quokkas
  11 bats
  A frilled lizard (D:3)
  2 jackal zombies
  3 rats
499 creatures vanquished.

Vanquished Creatures (collateral kills)
  A centaur warrior (D:9)
  A two-headed ogre (D:9)
  A queen bee (D:9)
  A slime creature (D:9)
  A swamp worm (D:12)
  A killer bee (D:9)
  An adder skeleton (D:9)
  A worm (D:12)
  A plant (D:9)
9 creatures vanquished.

Vanquished Creatures (others)
  A water moccasin (D:10)
  A water moccasin skeleton (D:10)
  4 plants (D:12)
6 creatures vanquished.

Grand Total: 514 creatures vanquished

Notes
Turn   | Place    | Note
-------+----------+-------------------------------------------
     0 | D:1      | ItsShiny the Minotaur Berserker began the quest for the Orb.
     0 | D:1      | Reached XP level 1. HP: 19/19 MP: 0/0
   195 | D:1      | Reached XP level 2. HP: 26/27 MP: 1/1
   648 | D:1      | Reached XP level 3. HP: 33/33 MP: 2/2
   965 | D:2      | Reached ** piety under Trog
  1030 | D:2      | Found a basalt altar of Yredelemnul.
  1636 | D:3      | Reached XP level 4. HP: 34/41 MP: 3/3
  1898 | D:3      | Reached skill level 5 in Maces & Flails
  1898 | D:3      | Reached skill level 3 in Dodging
  1951 | D:3      | Reached XP level 5. HP: 47/47 MP: 4/4
  1999 | D:3      | Found an ornate altar of the Wu Jian Council.
  2007 | D:3      | Found an ancient bone altar of Kikubaaqudgha.
  2008 | D:3      | Found a deep blue altar of Sif Muna.
  2008 | D:3      | Found a bloodstained altar of Trog.
  2321 | D:4      | Found the +2 pair of boots of the Assassin {Detection Stab+ Stlth++}
  2335 | D:3      | Reached *** piety under Trog
  2459 | D:4      | Noticed an ogre
  2505 | D:4      | Killed an ogre
  2505 | D:4      | Reached skill level 5 in Fighting
  2505 | D:4      | Reached XP level 6. HP: 35/56 MP: 2/5
  2548 | D:3      | Found an opulent altar of Gozag.
  2826 | D:4      | Noticed Ijyb
  2830 | D:4      | Killed Ijyb
  3251 | D:4      | Reached skill level 4 in Dodging
  3315 | D:4      | Noticed a slave
  3316 | D:4      | Noticed a slave
  3317 | D:4      | Noticed Pikel
  3317 | D:4      | Noticed a slave
  3318 | D:4      | Noticed a slave
  3331 | D:4      | Noticed Sigmund
  3339 | D:4      | Killed a slave
  3340 | D:4      | Killed a slave
  3343 | D:4      | Killed a slave
  3351 | D:4      | Killed a slave
  3375 | D:4      | Killed Sigmund
  3375 | D:4      | Reached XP level 7. HP: 36/62 MP: 2/6
  3435 | D:4      | Killed Pikel
  3435 | D:4      | Reached skill level 5 in Armour
  3435 | D:4      | Reached skill level 5 in Dodging
  3435 | D:4      | Reached XP level 8. HP: 71/71 MP: 5/7
  3754 | D:5      | Entered Level 5 of the Dungeon
  3908 | D:5      | Found a sacrificial altar of Ru.
  4002 | D:5      | Reached **** piety under Trog
  4047 | D:5      | Noticed Blork the orc
  4050 | D:5      | Killed Blork the orc
  4095 | D:5      | Noticed kalagan's ghost (amateur HaHu)
  4125 | D:5      | Killed kalagan's ghost
  4480 | D:6      | Reached skill level 6 in Dodging
  4557 | D:6      | Reached XP level 9. HP: 76/79 MP: 8/8
  4622 | D:6      | Found a staircase to the Ecumenical Temple.
  4985 | D:6      | Reached skill level 10 in Maces & Flails
  6148 | D:7      | Reached ***** piety under Trog
  6211 | D:7      | Reached skill level 7 in Dodging
  6631 | D:8      | Noticed a two-headed ogre
  6893 | D:9      | Reached XP level 10. HP: 90/90 MP: 9/9
  7050 | D:9      | Received a gift from Trog
  7210 | D:9      | Found a staircase to the Orcish Mines.
  7445 | D:9      | Reached skill level 8 in Dodging
  7567 | D:9      | Found a glowing golden altar of the Shining One.
  7696 | D:9      | Noticed a yaktaur captain
  7706 | D:9      | Killed a yaktaur captain
  7793 | D:9      | Reached skill level 10 in Fighting
  7818 | D:9      | Noticed a two-headed ogre
  7821 | D:9      | Noticed a centaur warrior
  7838 | D:9      | Killed a two-headed ogre
  7838 | D:9      | Reached skill level 9 in Dodging
  7845 | D:9      | Killed a centaur warrior
  7845 | D:9      | Reached skill level 10 in Armour
  7845 | D:9      | Reached XP level 11. HP: 101/101 MP: 8/10
  7887 | D:9      | Noticed a catoblepas
  7898 | D:9      | Killed a catoblepas
  7928 | D:9      | Noticed a centaur warrior
  7940 | D:9      | Killed a centaur warrior
  8304 | D:8      | Noticed a centaur warrior
  8315 | D:8      | Killed a centaur warrior
  8315 | D:8      | Reached skill level 10 in Dodging
  8356 | D:8      | Noticed a two-headed ogre
  8362 | D:8      | Killed a two-headed ogre
  8413 | D:8      | Noticed a two-headed ogre
  8420 | D:8      | Killed a two-headed ogre
  8671 | D:8      | Found Deicucse's Magic Scroll Emporium.
  8704 | D:8      | Bought a scroll of teleportation for 39 gold pieces
  8704 | D:8      | Bought a scroll of identify for 26 gold pieces
  8704 | D:8      | Bought a scroll of fear for 45 gold pieces
  8704 | D:8      | Bought a scroll of identify for 26 gold pieces
  8704 | D:8      | Bought a scroll of identify for 26 gold pieces
  8704 | D:8      | Bought a scroll of teleportation for 39 gold pieces
  8843 | D:8      | Found a staircase to the Lair.
  8882 | D:8      | Killed a two-headed ogre
  8882 | D:8      | Reached skill level 11 in Dodging
  9044 | D:10     | Entered Level 10 of the Dungeon
  9306 | D:10     | Killed an unseen horror
  9449 | D:10     | Found a runed door.
  9651 | D:10     | Reached skill level 12 in Dodging
  9659 | D:10     | Reached XP level 12. HP: 58/112 MP: 11/11
  9835 | D:10     | Noticed a two-headed ogre
  9845 | D:10     | Killed a two-headed ogre
 10477 | D:11     | Noticed Erolcha
 10480 | D:11     | Killed Erolcha
 10480 | D:11     | Reached skill level 13 in Dodging
 10956 | D:12     | Received a gift from Trog
 11524 | D:12     | Noticed Scuka's ghost (journeyman TrMo)
 11539 | D:12     | Killed Scuka's ghost
 11539 | D:12     | Reached skill level 14 in Dodging
 12392 | D:13     | Found an iron altar of Okawaru.
 12567 | D:13     | Noticed a two-headed ogre
 12573 | D:13     | Killed a two-headed ogre
 12573 | D:13     | Reached XP level 13. HP: 84/119 MP: 12/12
 12596 | D:13     | Found the +5 pair of quick blades "Gyre" and "Gimble" {pierce, Dex-3}
 12894 | D:13     | Reached skill level 15 in Dodging
 14190 | D:14     | Noticed Rupert
 14214 | D:14     | Killed Rupert
 14214 | D:14     | Reached skill level 15 in Maces & Flails
 14214 | D:14     | Reached skill level 16 in Dodging
 14911 | D:14     | Noticed Snorg
 14916 | D:14     | Killed Snorg
 14944 | D:14     | Found a gate to the Vaults.
 15082 | D:15     | Entered Level 15 of the Dungeon
 15123 | D:15     | Received a gift from Trog
 15123 | D:15     | Reached XP level 14. HP: 84/130 MP: 13/13
 15287 | D:15     | Reached skill level 17 in Dodging
 15335 | D:15     | Annihilated by a titanic slime creature

Skill      XL: |  1  2  3  4  5  6  7  8  9 10 11 12 13 14 |
---------------+-------------------------------------------+-----
Fighting       | 4 5 6 7 8 10 11 12 13 | 13.8
Maces & Flails | 4 5 7 8 9 11 12 14 15 | 15.9
Armour         | 3 4 5 6 8 10 11 12 13 | 13.5
Dodging        | 3 4 5 6 7 9 12 14 16 17 | 17.0

Action                   |  1- 3 |  4- 6 |  7- 9 | 10-12 | 13-15 || total
-------------------------+-------+-------+-------+-------+-------++-------
Melee: Mace              |    87 |   141 |    10 |   380 |       ||   618
       Headbutt          |     8 |    21 |    84 |   200 |   106 ||   419
       Whip              |       |       |   310 |   181 |       ||   491
       Great mace        |       |       |       |   149 |   337 ||   486
Throw: Stone             |    71 |   108 |   102 |    37 |       ||   318
Invok: Berserk           |       |     7 |    12 |    18 |    10 ||    47
       Trog's Hand       |       |     1 |     3 |     2 |     2 ||     8
       Brothers in Arms  |       |       |       |     6 |     1 ||     7
       Burn Spellbooks   |       |       |       |     6 |       ||     6
  Use: Scroll            |       |     3 |     2 |    15 |     6 ||    26
       Potion            |       |       |     2 |     5 |     1 ||     8
  Eat: Chunk             |     1 |     9 |    18 |    24 |    12 ||    64
       Ration            |     1 |     1 |     1 |     5 |     2 ||    10
Armor: Animal skin       |     7 |       |       |       |       ||     7
       Ring mail         |    28 |    11 |       |       |       ||    39
       Leather armour    |     2 |       |       |       |       ||     2
       Chain mail        |       |    82 |   110 |    33 |       ||   225
       Plate armour      |       |       |       |   366 |   192 ||   558
Dodge: Dodged            |    60 |    90 |   111 |   436 |   226 ||   923
